 Dungeon Crawl Stone Soup version 0.30-a0-996-ga6910c8ee8 (webtiles) character file.

Game seed: 3459433815971306905

11511 Gotegar the Grappler (level 11, -1/156 HPs)
             Began as a Troll Berserker on Apr 4, 2023.
             Was an Elder of Trog.
             Slain by a demonic crawler (6 damage)
             ... on level 1 of the Spider Nest.
             The game lasted 00:41:28 (7888 turns).

Gotegar the Grappler (Troll Berserker)              Turns: 7888, Time: 00:41:28

Health: -1/156     AC: 10    Str: 41    XL:     11   Next: 50%
Magic:  10/10      EV: 12    Int:  3    God:    Trog [****..]
Gold:   578        SH:  0    Dex:  9    Spells: 10/10 levels left

rFire   . . .      SeeInvis .      - Unarmed
rCold   + . .      Faith    +    (no shield)
rNeg    . . .      Spirit   .    W - +0 steam dragon scales
rPois   +          Reflect  .    (helmet restricted)
rElec   .          Rampage  .    T - +2 cloak
rCorr   .                        (gloves unavailable)
Will    .....                    (boots unavailable) Stlth
                                 t - amulet "Neof Keu" {Faith Contam rC+ Str+4}
HPRegen 1.26/turn                g - ring of Noon {Fly rPois}
MPRegen 0.12/turn                N - +6 ring of strength

@: berserking, flying, very quick
A: large, unfitting armour, claws 3, regeneration 1, shaggy fur 1, tough skin 1
a: Renounce Religion, Berserk, Trog's Hand, Brothers in Arms


You were on level 1 of the Spider Nest.
You worshipped Trog.
Trog was greatly pleased with you.
You visited 4 branches of the dungeon, and saw 12 of its levels.

You collected 578 gold pieces.

Inventory:

Hand Weapons
 c - a +1 dagger of venom
Missiles
 x - 10 poisoned darts
 B - 48 stones (quivered)
Armour
 a - a +0 animal skin
 d - a +0 scale mail
 h - a +0 buckler
 k - a +0 helmet
 m - a +0 scale mail
 w - a +0 robe of positive energy
 L - a +0 cloak
 T - a +2 cloak (worn)
 W - +0 steam dragon scales (worn)
 X - a +2 robe of cold resistance
 Z - a +0 pair of gloves
Magical Staves
 Y - a staff of cold
Jewellery
 g - the ring of Noon (left claw) {Fly rPois}
   (You found it on level 1 of the Lair of Beasts)

   [ring of flight]

   rPois:     It protects you from poison.
   Fly:       It grants you flight.
 r - an amulet of regeneration
 t - the amulet "Neof Keu" (around neck) {Faith Contam rC+ Str+4}
   (You found it on level 2 of the Dungeon)

   [amulet of faith]

   It allows you to gain divine favour quickly.
   Str:       It affects your strength (+4).
   rC:        It protects you from cold.
   Contam:    It causes magical contamination when unequipped.
 A - a +4 ring of protection
 N - a +6 ring of strength (right claw)
Wands
 j - a wand of digging (5)
 l - a wand of mindburst (5)
 H - a wand of paralysis (23)
Scrolls
 f - a scroll of vulnerability {unknown}
 s - 3 scrolls of blinking {unknown}
 u - 3 scrolls of poison {unknown}
 v - 3 scrolls of enchant weapon {unknown}
 y - 3 scrolls of torment {unknown}
 z - 2 scrolls of magic mapping {unknown}
 G - 9 scrolls of identify {unknown}
 I - 4 scrolls of teleportation {unknown}
 K - a scroll of fear {unknown}
 P - a scroll of fog {unknown}
 Q - a scroll of noise {unknown}
Potions
 b - 6 potions of curing {unknown}
 e - 2 potions of haste {unknown}
 i - 3 potions of lignification {unknown}
 p - 2 potions of mutation {unknown}
 q - a potion of brilliance {unknown}
 F - 4 potions of cancellation {unknown}
 J - a potion of attraction {unknown}
 M - a potion of ambrosia {unknown}
 O - 2 potions of heal wounds {unknown}
 S - 2 potions of resistance {unknown}
 U - a potion of invisibility {unknown}
 V - a potion of might {unknown}


   Skills:
 + Level 5.4 Fighting
 + Level 3.7 Throwing
 + Level 8.1 Dodging
 + Level 3.0 Stealth
 + Level 13.6 Unarmed Combat


You had 10 spell levels left.
You didn't know any spells.
Your spell library contained the following spells:

 Spells                   Type           Power      Damage    Failure   Level
 Magic Dart               Conj           0%         1d3       52%         1
 Blink                    Tloc           0%         N/A       67%         2
 Ensorcelled Hibernation  Hex/Ice        0%         N/A       67%         2
 Passwall                 Tmut/Erth      0%         N/A       67%         2
 Searing Ray              Conj           0%         2d4       67%         2
 Swiftness                Air            0%         N/A       88%         3
 Fulminant Prism          Conj/Hex       0%         3d5       99%         4
 Manifold Assault         Tloc           0%         N/A       99%         4
 Storm Form               Tmut/Air       0%         N/A       100%        7


Dungeon Overview and Level Annotations

Branches:
Dungeon (8/15)             Temple (1/1) D:7            Lair (2/5) D:8
 Spider (1/4) Lair:2
  Swamp: Lair:2-3    Shoals: Lair:2-3

Altars:
Ashenzari
Cheibriados
Dithmenos
Elyvilon
Fedhas
Gozag
Hepliaklqana
Kikubaaqudgha
Makhleb
Nemelex Xobeh
Okawaru
Qazlal
Ru
Sif Muna
Trog
Uskayaw
Vehumet
Wu Jian
Yredelemnul
Zin
The Shining One

Shops:
D:5 =   D:7 :


Innate Abilities, Weirdness & Mutations

You are too large for most types of armour.
You have claws for hands.
Your natural rate of healing is unusually fast.
You are covered in fur. (AC +1)
You have tough skin. (AC +1)


Message History

You claw the demonic crawler!
The demonic crawler is moderately wounded.
The demonic crawler hits you!
The demonic crawler completely misses you.
The demonic crawler hits you!
You mangle the demonic crawler!!
The demonic crawler is severely wounded.
The demonic crawler gives a hideous shriek!
You hear a shout!
You hear a faint skittering sound. x2
The demonic crawler hits you. The demonic crawler hits you!
The demonic crawler hits you.
You scratch the demonic crawler but do no damage.
The demonic crawler is heavily wounded.
The demonic crawler hits you. The demonic crawler barely misses you.
The demonic crawler hits you!
You claw the demonic crawler!
The demonic crawler is heavily wounded.
The redback bites you! The demonic crawler barely misses you.
The demonic crawler hits you but does no damage.
The demonic crawler hits you. The redback closely misses you.
A red film seems to cover your vision as you go berserk!
You feel yourself moving faster!
You feel mighty! The demonic crawler hits you. The demonic crawler hits you!
* * * LOW HITPOINT WARNING * * *
The demonic crawler hits you!
* * * LOW HITPOINT WARNING * * *
The redback bites you.
* * * LOW HITPOINT WARNING * * *
A jumping spider comes into view.
The demonic crawler hits you.
* * * LOW HITPOINT WARNING * * *
The demonic crawler hits you!
* * * LOW HITPOINT WARNING * * *
The demonic crawler hits you!
* * * LOW HITPOINT WARNING * * *
Unknown command.
You claw the demonic crawler!
The demonic crawler is heavily wounded.
The demonic crawler hits you.
You die...

.. ...
....
.#..#
s^#...
#....#
#.$s###
#s@<#
#.s.#
#..#.#
#..###
..#.
..^..
.## ..
...


You could see 2 demonic crawlers, a jumping spider and a redback.

Vanquished Creatures
  A hydra (Lair:2)
  4 elephants (Lair:1)
  Joseph (D:7)
  3 cane toads
  A black mamba (Lair:2)
  3 komodo dragons
  2 hornets (D:7)
  Grinder (D:6)
  2 wyverns
  3 steam dragons
  5 yaks (Lair:2)
  2 redbacks (Lair:2)
  An acid dragon (D:7)
  4 water moccasins
  2 orc warriors
  3 sky beasts
  3 black bears
  An ice beast (D:7)
  2 ogres
  2 centaurs
  7 wolves
  A phantom (D:6)
  11 bullfrogs
  2 scorpions (D:5)
  A gnoll sergeant (D:5)
  4 killer bees (D:8)
  A howler monkey (D:5)
  4 hounds
  5 jellies
  2 orc priests (D:7)
  A sleepcap (D:8)
  2 iguanas
  7 orc wizards
  12 gnolls
  4 adders
  2 shadow imps (D:7)
  A white imp (D:7)
  An ufetubus (D:7)
  2 worms
  4 dart slugs
  28 orcs
  An endoplasm (D:3)
  4 giant cockroaches
  6 goblins
  9 hobgoblins
  4 jackals (D:5)
  8 kobolds
  4 quokkas
  7 ball pythons
  3 bats
  A frilled lizard (D:3)
  7 rats
202 creatures vanquished.

Vanquished Creatures (collateral kills)
  Fannar (Lair:1)
  2 wolves (Lair:1)
3 creatures vanquished.

Vanquished Creatures (others)
  24 fungi
  27 plants
51 creatures vanquished.

Grand Total: 256 creatures vanquished

Notes
Turn   | Place    | Note
-------+----------+-------------------------------------------
     0 | D:1      | Gotegar the Troll Berserker began the quest for the Orb.
     0 | D:1      | Reached XP level 1. HP: 22/22 MP: 0/0
   166 | D:1      | Reached XP level 2. HP: 29/29 MP: 1/1
   349 | D:1      | Reached XP level 3. HP: 36/36 MP: 2/2
   664 | D:2      | Found a glowing silver altar of Zin.
   934 | D:2      | Identified the amulet "Neof Keu" {Faith Contam rC+ Str+4}
  1196 | D:2      | You fall into a shaft and drop 1 floor!
  1387 | D:3      | Reached XP level 4. HP: 44/44 MP: 3/3
  1392 | D:3      | Reached ** piety under Trog
  1394 | D:3      | Reached skill level 4 in Unarmed Combat
  1453 | D:3      | Found a bloodstained altar of Trog.
  1469 | D:3      | Reached XP level 5. HP: 52/53 MP: 4/4
  1480 | D:3      | Found an opulent altar of Gozag.
  1857 | D:3      | Found a faded altar of an unknown god.
  2251 | D:4      | Noticed a water moccasin
  2271 | D:4      | Killed a water moccasin
  2272 | D:4      | Reached skill level 5 in Unarmed Combat
  2506 | D:4      | Reached XP level 6. HP: 61/61 MP: 5/5
  2812 | D:4      | Reached skill level 1 in Throwing
  3200 | D:5      | Entered Level 5 of the Dungeon
  3373 | D:5      | Reached skill level 6 in Unarmed Combat
  3373 | D:5      | Reached XP level 7. HP: 67/67 MP: 6/6
  3462 | D:5      | Reached skill level 1 in Stealth
  3469 | D:5      | Reached *** piety under Trog
  3724 | D:5      | Found Laaf Siu's Jewellery Shoppe.
  3896 | D:6      | Reached skill level 7 in Unarmed Combat
  3959 | D:6      | Reached XP level 8. HP: 75/75 MP: 7/7
  4091 | D:6      | Noticed Grinder
  4091 | D:6      | Paralysed by Grinder for 5 turns
  4107 | D:6      | Paralysed by Grinder for 4 turns
  4113 | D:6      | Killed Grinder
  4231 | D:6      | Reached skill level 8 in Unarmed Combat
  4554 | D:6      | Reached skill level 5 in Dodging
  4824 | D:7      | Found a staircase to the Ecumenical Temple.
  4830 | Temple   | Entered the Ecumenical Temple
  5192 | D:7      | Reached XP level 9. HP: 84/84 MP: 8/8
  5195 | D:7      | Reached skill level 9 in Unarmed Combat
  5283 | D:7      | Paralysed by a hornet for 1 turns
  5299 | D:7      | Reached **** piety under Trog
  5319 | D:7      | Reached skill level 10 in Unarmed Combat
  5495 | D:7      | Found Ozujytyk's Book Shop.
  5615 | D:7      | Noticed Joseph
  5624 | D:7      | Killed Joseph
  6149 | D:8      | Reached skill level 11 in Unarmed Combat
  6149 | D:8      | Reached XP level 10. HP: 58/94 MP: 9/9
  6277 | D:8      | Found a staircase to the Lair.
  6392 | Lair:1   | Entered Level 1 of the Lair of Beasts
  6453 | Lair:1   | Noticed an elephant
  6453 | Lair:1   | Noticed an elephant
  6458 | Lair:1   | Noticed an elephant
  6464 | Lair:1   | Killed an elephant
  6464 | Lair:1   | Noticed a cane toad
  6466 | Lair:1   | Noticed an elephant
  6473 | Lair:1   | Killed an elephant
  6477 | Lair:1   | Killed a cane toad
  6482 | Lair:1   | Killed an elephant
  6483 | Lair:1   | Reached skill level 12 in Unarmed Combat
  6485 | Lair:1   | Killed an elephant
  6522 | Lair:1   | Reached skill level 5 in Fighting
  6548 | Lair:1   | Noticed Fannar
  6563 | Lair:1   | Killed Fannar
  6789 | Lair:1   | Identified the ring of Noon {Fly rPois}
  6850 | Lair:1   | Reached XP level 11. HP: 60/102 MP: 10/10
  7018 | Lair:1   | You are sucked into a shaft and drop 1 floor!
  7035 | Lair:2   | Found a hole to the Spider Nest.
  7219 | Lair:2   | Reached skill level 13 in Unarmed Combat
  7248 | Lair:2   | Noticed a four-headed hydra
  7262 | Lair:2   | Killed a nine-headed hydra
  7881 | Spider:1 | Entered Level 1 of the Spider Nest
  7887 | Spider:1 | HP: 4/156 [demonic crawler (12)]
  7888 | Spider:1 | Slain by a demonic crawler

Illustrated notes

Levels and vault maps discovered:
D:1:      dpeg_arrival_shelter, layout_basic
D:2:      layout_loops_ring, basic_altar
D:3:      layout_loops_ring, nicolae_overflow_squiral,
          shapermc_ecumenical_altar_ellora
D:4:      layout_basic, serial_aquarium, aquarium_bridge_straight
          [aquarium_subvault_bridge, aquarium_subvault_wall,
          aquarium_subvault_bridge, aquarium_subvault_wall], aquarium_window_2,
          aquarium_window_1, aquarium_view_2d
D:5:      layout_loops_ring, serial_shops, nicolae_shop_window_shopping
D:6:      layout_loops_cross, nicolae_concentric_dashed_squares_wild,
          minmay_fractal_squares_diagonal_5, uniq_grinder
D:7:      minmay_the_grid_square_5x5_3x3 [minmay_the_grid_square_5x5_detours,
          minmay_the_grid_square_5x5_three_walls,
          minmay_the_grid_square_5x5_hollow_slash,
          minmay_the_grid_square_5x5_bracketed,
          minmay_the_grid_square_5x5_megaprize_hollow,
          minmay_the_grid_square_5x5_doubleslash,
          minmay_the_grid_square_5x5_inset, minmay_the_grid_square_5x5_one_wall,
          minmay_the_grid_square_5x5_bite], layout_basic,
          minmay_temple_entry_hall, serial_shops, kennysheep_mini, uniq_joseph
D:8:      layout_gridville, grunt_lair_entry_orc_guard_hut
Temple:   nicolae_temple_bog_church
Lair:1:   layout_cave_pods, serial_bayou_shore_b, grunt_megastairs_3,
          uniq_fannar
Lair:2:   layout_roguey, spider_nest_entry_a, beast_lair_carwin_9
Spider:1: layout_spider_delve, gammafunk_ghost_necromancy

Skill      XL: |  1  2  3  4  5  6  7  8  9 10 11 |
---------------+----------------------------------+-----
Dodging        | 3 4 5 6 7 8 |  8.1
Unarmed Combat | 4 5 6 7 8 11 12 13 | 13.6
Fighting       | 3 4 5 |  5.4
Throwing       | 1 2 3 |  3.7
Stealth        | 1 2 3 |  3.0

Action                     |  1- 3 |  4- 6 |  7- 9 | 10-12 || total
---------------------------+-------+-------+-------+-------++-------
  Melee: Unarmed           |    89 |   138 |   241 |   162 ||   630
         Punch             |     3 |     5 |     8 |    12 ||    28
  Throw: Stone             |    16 |       |    22 |     7 ||    45
         Dart              |       |     7 |     7 |       ||    14
 Invoke: Berserk           |     7 |     2 |     8 |     7 ||    24
         Trog's Hand       |       |       |     1 |       ||     1
         Brothers in Arms  |       |       |       |     2 ||     2
   Stab: Sleeping          |     1 |     1 |     1 |       ||     3
 Armour: Animal skin       |    19 |    14 |       |       ||    33
         Robe              |       |    21 |    98 |       ||   119
         Steam dragon scal |       |       |       |    67 ||    67
         Skin              |       |       |       |     1 ||     1
  Dodge: Dodged            |    42 |    52 |   124 |   117 ||   335

Table legend: (Time is in decaauts)
 A = Elapsed time spent in this place.
 B = Non-inter-level travel time spent in this place.
 C = Inter-level travel time spent in this place.
 D = Time resting spent in this place.
 E = Time spent auto-exploring this place.
 F = Levels seen in this place.
 G = Mean time per level.
                   A        B        C        D        E       F      G
               +--------+--------+--------+--------+--------+-----+--------+
         Total |   8015 |   7845 |    170 |    136 |   4746 |  12 |  667.9 |
       Dungeon |   6396 |   6244 |    152 |    122 |   3845 |   8 |  799.5 |
        Temple |    115 |    115 |      0 |      0 |     11 |   1 |  115.0 |
          Lair |   1497 |   1479 |     18 |     14 |    889 |   2 |  748.5 |
   Spider Nest |      5 |      5 |      0 |      0 |      0 |   1 |    5.0 |
               +--------+--------+--------+--------+--------+-----+--------+

Top non-repeatable levels by time:
     D:4: 1201 daAuts
     D:7: 985 daAuts
     D:6: 911 daAuts
  Lair:2: 863 daAuts
     D:3: 801 daAuts
     D:5: 678 daAuts
     D:1: 657 daAuts
  Lair:1: 633 daAuts
     D:2: 598 daAuts
     D:8: 561 daAuts
  Temple: 115 daAuts
Spider:1: 5 daAuts
